Cogmind - Beta 17 @@@ ROGUE MODE // 2026.06.22 @ 21:27:08 // Winter2019/RPGLIKE Player: Willow Result: Destroyed by Y-45 Defender with Beam Rifle Performance ------------- Evolutions (1) 500 Regions Visited (3) 600 Robots Destroyed (18) 90 Value Destroyed (402) 402 Prototype IDs (2) 40 Alien Tech Used (0) 0 Bonus (0) 0 TOTAL SCORE: 1632 Bonus ------- None Cogmind --------- Core Integrity 0/600 Matter 256/300 Energy 138/140 System Corruption 0% Temperature Cool (9) Movement Treading (160) Location -9/Materials Parts ------- > --- POWER (1) -------- Light Deuterium Engine > --- PROPULSION (2) --- Light Treads Wheel > --- UTILITY (3) ------ Signal Interpreter Seismic Detector Targeting Computer > --- WEAPON (2) ------- Assault Rifle Minigun > --- INVENTORY (1) ---- Experimental Sensor Array Peak State ------------ > --- POWER ------------ Light Deuterium Engine > --- PROPULSION ------- Light Treads Wheel > --- UTILITY ---------- Signal Interpreter Seismic Detector Targeting Computer > --- WEAPON ----------- Assault Rifle Minigun > --- INVENTORY -------- Experimental Sensor Array [Rating: 12] Favorites ----------- Power Light Ion Engine Engine Light Ion Engine Propulsion Wheel Treads Light Treads Wheel Wheel Utility Seismic Detector Device Seismic Detector Processor Targeting Computer Weapon Assault Rifle Energy Gun Small Laser Ballistic Gun Assault Rifle Ballistic Cannon Light Cannon Impact Weapon Hammer Build | -11 -10 -10 -9 ------- Run | Yrd Mat Min Mat Slots Evolved 4 | 3 1 . . Power . | . . . . Propulsion 1 | 1 . . . Utility 2 | 1 1 . . Weapon 1 | 1 . . . Parts Attached 12 | 6 4 2 . Power 2 | 1 . 1 . Engine 2 | 1 . 1 . Core . | . . . . Reactor . | . . . . Propulsion 2 | 2 . . . Treads 1 | 1 . . . Leg . | . . . . Wheel 1 | 1 . . . Hover . | . . . . Flight . | . . . . Utility 3 | 1 2 . . Device 1 | 1 . . . Storage . | . . . . Processor 2 | . 2 . . Hackware . | . . . . Protection . | . . . . Artifact . | . . . . Weapon 5 | 2 2 1 . Energy Gun 1 | 1 . . . Energy Cannon . | . . . . Ballistic Gun 2 | 1 . 1 . Ballistic Cannon 1 | . 1 . . Launcher . | . . . . Special Weapon . | . . . . Impact Weapon 1 | . 1 . . Slashing Weapon . | . . . . Piercing Weapon . | . . . . Special Melee Weapon . | . . . . Unidentified Prototypes . | . . . . Parts Lost . | . . . . Power . | . . . . Propulsion . | . . . . Utility . | . . . . Weapon . | . . . . Highest Loss Streak . | . . . . To Critical Strikes . | . . . . Average Backups . | . . . 1 Power . | . . . . Propulsion . | . . . . Utility . | . . . 1 Weapon . | . . . . Tool/Special . | . . . . Unused Backups 1 | . . . 1 Power . | . . . . Propulsion . | . . . . Utility 1 | . . . 1 Weapon . | . . . . Tool/Special . | . . . . Average Slot Usage (%) 95 | . 92 100 100 Engine 12 | . 13 12 12 Treads 12 | . 13 12 12 Wheel 12 | . 13 12 12 Device 12 | . 13 12 12 Processor 16 | . 10 25 25 Energy Gun 5 | . 9 . . Ballistic Gun 14 | . 13 16 25 Ballistic Cannon 4 | . 2 8 . Peak Build Rating 12 | 6 8 12 12 Average Rating 7 | 4 6 9 12 On Entrance 6 | . 6 8 12 Avg Prop Armor Cover (%) 11 | 6 12 11 12 Naked Turns . | . . . . Heaviest Build 11 | 7 9 11 11 Greatest Support 20 | 20 20 20 10 Greatest Overweight (x) 1 | 1 . 1 1 Average Overweight (x) . | . . . 1 Largest Inventory Capacity 1 | 1 1 1 1 Average Capacity 1 | 1 1 1 1 Most Carried 1 | . 1 1 1 Average Carried . | . . . 1 Final Capacity 1 | 1 1 1 1 Final Carried 1 | . 1 1 1 Class Distribution -------------------- 100% | Mutant Dominant Class ---------------- Mutant | -10/Materials Mutant | -10/Mines Mutant | -9/Materials Resources | -11 -10 -10 -9 ----------- Run | Yrd Mat Min Mat Matter Collected 914 | 277 169 468 . Remotely . | . . . . Salvage Created 642 | 66 430 146 . Parts 27 | 4 22 1 . Haulers Intercepted 2 | . 2 . . Recyclers Shooed 1 | 1 . . . Parts Field Recycled . | . . . . Retrieved Matter . | . . . . Parts Self-Destructed . | . . . . Prevented . | . . . . Parts Restored . | . . . . Kills | -11 -10 -10 -9 ------- Run | Yrd Mat Min Mat Combat Hostiles Destroyed 34 | . 11 23 . Guns 21 | . 10 11 . Cannons 13 | . 1 12 . Classes Destroyed 7 | 2 3 2 . Tunneler 1 | 1 . . . Hauler 2 | . 2 . . Recycler 1 | 1 . . . Swarmer 5 | . 3 2 . Grunt 8 | . 8 . . Demolisher 1 | . . 1 . Assembled 20 | . . 20 . Best Kill Streak 7 | 1 3 7 . Combat Bots Only 7 | . 2 7 . Max Kills in Single Turn 2 | 1 2 2 . Gunslinging . | . . . . Exploded . | . . . . Melee . | . . . . Uniques/NPCs Destroyed . | . . . . Combat | -11 -10 -10 -9 -------- Run | Yrd Mat Min Mat Hostile Shots Fired 106 | . 22 75 9 Missed 26 | . 8 15 3 Hits 80 | . 14 60 6 Melee 7 | . . 7 . Projectile 73 | . 14 53 6 AOE 2 | . . 2 . Critical Strikes 1 | . . 1 . Part Disruptions 2 | . . 2 . Damage Taken 1150 | . 142 920 88 Core 928 | . 117 737 74 Absorbed by Shields . | . . . . Redirected to Core 753 | . 86 620 47 Ignored by Resistances 27 | . 11 12 4 Core Remaining (%) 56 | 100 . 12 . Volleys Fired 107 | 6 32 64 5 Largest 2 | 2 2 2 2 Hottest 60 | 60 60 50 45 Shots Fired 205 | 12 60 123 10 Gun 138 | 12 57 59 10 Cannon 67 | . 3 64 . Launcher . | . . . . Special . | . . . . Kinetic 174 | 6 35 123 10 Thermal 31 | 6 25 . . Explosive . | . . . . Electromagnetic . | . . . . Robot Hit Streak 21 | 3 21 6 8 Robot Miss Streak 3 | 2 1 3 2 Penetration Max . | . . . . Secondary Targets . | . . . . Shots Hit Robots 134 | 8 46 72 8 Core Hits 64 | 3 21 39 1 Critical Kills . | . . . . Critical Parts Destroyed 1 | . . . 1 Critical Strikes 3 | . . 2 1 Destroy 1 | . . . 1 Blast 2 | . . 2 . Melee Attacks 1 | . 1 . . Impact 1 | . 1 . . Slashing . | . . . . Piercing . | . . . . Sneak Attacks . | . . . . Combat Hostiles . | . . . . Follow-up Attacks . | . . . . Damage Inflicted 2002 | 92 592 1198 120 Guns 1231 | 92 533 486 120 Cannons 771 | . 59 712 . Explosions . | . . . . Melee . | . . . . Ramming . | . . . . Kinetic 1704 | 49 337 1198 120 Thermal 298 | 43 255 . . Explosive . | . . . . Electromagnetic . | . . . . Impact . | . . . . Slashing . | . . . . Piercing . | . . . . Highest Corruption 2 | . 2 2 . Average Corruption 2 | . 2 2 . Corruption Purged . | . . . . Corruption Blocked . | . . . . Effects 24 | . 14 10 . Message Errors 6 | . 3 3 . Matter Fused 6 | . 3 3 . Heat Flow Errors 3 | . 2 1 . Energy Discharges 6 | . 5 1 . Data Loss (major) 1 | . . 1 . Weapon Failures 2 | . 1 1 . Overload Shots . | . . . . Overflow Damage 27 | . . 27 . Projectiles 27 | . . 27 . Explosions . | . . . . Melee . | . . . . Knockbacks 13 | . . 13 . Impact . | . . . . Kinetic 12 | . . 12 . Secondary 1 | . . 1 . Self-Inflicted Damage . | . . . . Shots . | . . . . Rammed 1 | . 1 . . Targets Rammed 1 | . 1 . . Kicked . | . . . . Crushed . | . . . . Highest Temperature 265 | . 265 163 6 Average Temperature 65 | . 79 40 4 Received Heat Transfer 382 | . 66 280 36 Siege Activations . | . . . . Martial Activations . | . . . . Shielding Activations . | . . . . Robots Disrupted . | . . . . Combat Hostiles . | . . . . Robots Corrupted . | . . . . Combat Hostiles . | . . . . Parts Fried . | . . . . Impact Corruptions 1 | . . 1 . Robots Melted . | . . . . Combat Hostiles . | . . . . Parts Melted . | . . . . Heat Transferred 675 | 100 575 . . Parts Sabotaged . | . . . . Parts Stolen . | . . . . Parts Stripped . | . . . . Power Chain Reactions . | . . . . Alert | -11 -10 -10 -9 ------- Run | Yrd Mat Min Mat Maximum Alert Level . | . . . . Low Security (%) 100 | 100 100 100 100 Level 1 . | . . . . Level 2 . | . . . . Level 3 . | . . . . Level 4 . | . . . . Level 5 . | . . . . High Security . | . . . . Max Security . | . . . . Peak Influence 137 | 5 137 72 . Initial 32 | . . 32 . Average 40 | 1 66 11 . Influence Increases 490 | 10 410 70 . Destroy 0b10 Robot/C 280 | . 220 60 . Destroy 0b10 Robot/NC 20 | 10 10 . . Destroy Leader 74 | . 64 10 . Successful Hack 26 | . 26 . . Select Force Hacks 60 | . 60 . . Disable Machine 15 | . 15 . . Lose Combat Pursuer 15 | . 15 . . Influence Decreases 490 | 10 326 154 . Entered New Map 52 | . . 52 . Time Decay 438 | 10 326 102 . Squads Dispatched 9 | . 9 . . Investigation 6 | . 6 . . Extermination . | . . . . Reinforcement 3 | . 3 . . Assault . | . . . . Garrison . | . . . . Intercept . | . . . . Searches Triggered . | . . . . Construction Impeded . | . . . . Haulers Reinforced . | . . . . Active Scanning Responses . | . . . . Cargo Convoy Interrupts . | . . . . Stealth | -11 -10 -10 -9 --------- Run | Yrd Mat Min Mat Distress Signals 2 | . 2 . . Communications Jammed . | . . . . Distress Signals . | . . . . Times Spotted 47 | . 19 27 1 Peak Tracking Total 6 | . 6 6 1 Tactical Retreats 1 | . 1 . . Traps | -11 -10 -10 -9 ------- Run | Yrd Mat Min Mat Traps Triggered 4 | . 3 1 . Indirectly . | . . . . Trap Hack Attempts . | . . . . Triggered . | . . . . Disarmed . | . . . . Reprogrammed . | . . . . Reused . | . . . . Traps Extracted . | . . . . Installed . | . . . . Triggered . | . . . . Machines | -11 -10 -10 -9 ---------- Run | Yrd Mat Min Mat Machines Disabled 1 | . 1 . . Max in Single Turn 1 | . 1 . . Machines Repaired . | . . . . Machines Dismantled . | . . . . Machines Sabotaged . | . . . . Overloaded Fab Kills . | . . . . Hacking | -11 -10 -10 -9 --------- Run | Yrd Mat Min Mat Machines Accessed 10 | . 9 1 . Terminals 6 | . 6 . . Fabricators . | . . . . Repair Stations 1 | . 1 . . Recycling Units 2 | . 2 . . Scanalyzers . | . . . . Garrison Access . | . . . . Total Hacks 32 | . 31 1 . Successful 18 | . 17 1 . Failed 14 | . 14 . . Catastrophic . | . . . . Database Lockouts . | . . . . Manual 26 | . 26 . . Terminals 28 | . 28 . . Fabricators . | . . . . Repair Stations 1 | . 1 . . Recycling Units 2 | . 2 . . Scanalyzers . | . . . . Garrison Access . | . . . . Terminal Hacks 6 | . 5 1 . Robot Analysis 2 | . 2 . . Prototype ID Bank 1 | . 1 . . Open Door 1 | . . 1 . Locate Traps 2 | . 2 . . Fabricator Hacks . | . . . . Repair Station Hacks . | . . . . Recycling Unit Hacks . | . . . . Scanalyzer . | . . . . Garrison Access Hacks . | . . . . Unauthorized Hacks 12 | . 12 . . Terminals 9 | . 9 . . Botnet 3 | . 3 . . Skim 6 | . 6 . . Fabricators . | . . . . Repair Stations 1 | . 1 . . Patch 1 | . 1 . . Recycling Units 2 | . 2 . . Tunnel 2 | . 2 . . Scanalyzers . | . . . . Garrison Access . | . . . . Data Cores Recovered . | . . . . Used . | . . . . Hacking Detections 5 | . 5 . . Full Trace Events 1 | . 1 . . Feedback Events . | . . . . Feedback Blocked . | . . . . Robot Schematics Acquired . | . . . . Robots Built . | . . . . Authchips . | . . . . Time . | . . . . Total Robot Build Rating . | . . . . Part Schematics Acquired . | . . . . Parts Built . | . . . . Authchips . | . . . . Time . | . . . . Total Part Build Rating . | . . . . Part Studies Acquired . | . . . . Parts Repaired . | . . . . Time . | . . . . Parts Recycled . | . . . . Recycled Matter . | . . . . Retrieved Matter . | . . . . Retrieved Components . | . . . . Parts Scanalyzed . | . . . . Part Schematics Acquired . | . . . . Parts Damaged . | . . . . Bothacking | -11 -10 -10 -9 ------------ Run | Yrd Mat Min Mat Used RIF Installer . | . . . . Robots Hacked . | . . . . Non-combat . | . . . . Combat . | . . . . Robot Hacks Applied . | . . . . Relay Couplers Released . | . . . . Fabnet Peak Effective % . | . . . . Robots Rewired . | . . . . Allies Hacked . | . . . . Hacks Repelled . | . . . . Allies | -11 -10 -10 -9 -------- Run | Yrd Mat Min Mat Total Allies . | . . . . Largest Group . | . . . . Highest-Rated Group . | . . . . Highest-Rated Ally . | . . . . Total Orders . | . . . . Ally Attacks . | . . . . Total Damage . | . . . . Kills . | . . . . Allies Corrupted . | . . . . Allies Melted . | . . . . Intel | -11 -10 -10 -9 ------- Run | Yrd Mat Min Mat Active Infowar (turns) 1538 | 12 884 618 24 Seismic 1538 | 12 884 618 24 Robot Analysis Total 2 | . 2 . . Derelict Logs Recovered 2 | . . 2 . Drone Launches . | . . . . Drone Recoveries . | . . . . Exploration | -11 -10 -10 -9 ------------- Run | Yrd Mat Min Mat Turns Passed 1614 | 88 884 618 24 Spaces Moved 1394 | 50 862 469 13 Core 11 | 11 . . . Treads 90 | 27 62 1 . Legs . | . . . . Wheels 1293 | 12 800 468 13 Hover . | . . . . Flight . | . . . . Fastest Speed 50 | 50 80 80 95 Average Speed 87 | 119 85 86 95 Slowest Speed 160 | 160 160 160 95 Overloaded Moves . | . . . . Propulsion Burnouts . | . . . . Robots Hopped . | . . . . Potential Cave-ins . | . . . . Cave-ins Triggered . | . . . . Exploration Rate (%) 47 | 3 91 92 2 Regions Visited 3 Branch Regions 1 Pre-discovered Areas 2 | . 2 . . Known Exits Taken 2 | . 1 1 . Unknown Exits Taken 1 | 1 . . . Scrap Searched 1 | . . 1 . Spaces Dug . | . . . . Terrain Destroyed . | . . . . Melee . | . . . . Projectile . | . . . . AOE . | . . . . Terrain Rammed . | . . . . Walls Destroyed . | . . . . Machines Disabled . | . . . . Actions | -11 -10 -10 -9 --------- Run | Yrd Mat Min Mat Total 1580 | 62 942 558 18 Wait 38 | 1 28 9 . Move 1391 | 49 861 468 13 Hop . | . . . . Pick Up 2 | . 1 1 . Fast Attach 11 | 6 4 1 . Attach . | . . . . Detach . | . . . . Swap 1 | . . 1 . Drop 5 | . 2 3 . Fire 107 | 6 32 64 5 Melee 1 | . 1 . . Ram . | . . . . Kick . | . . . . Crush 1 | . 1 . . Escape Stasis . | . . . . Rewire . | . . . . Trap . | . . . . Miscellaneous 23 | . 12 11 . Route ------- -11/Scrapyard -10/Materials (discovered 5 exits: *Mat x3 / *Min / Sub) -10/Mines (discovered 2 exits: *Mat x2) -9/Materials (discovered 1 exit: Min) History --------- Turn | Location | Event 1 | -11/Scrapyard | Upgraded with Propulsion slot (x1) 1 | -11/Scrapyard | Upgraded with Utility slot (x1) 1 | -11/Scrapyard | Upgraded with Weapon slot (x1) 4 | -11/Scrapyard | Discovered new exit (range 16) 89 | -11/Scrapyard | Entered Materials 90 | -10/Materials | Met a group of wandering Federalists 159 | -10/Materials | Discovered new exit (range 10) 307 | -10/Materials | Build established: Mutant 318 | -10/Materials | Discovered new exit (range 3) 517 | -10/Materials | Discovered new exit (range 16) 610 | -10/Materials | Loaded intel: 5 trap records 684 | -10/Materials | Learned Storage emergency access door positions 724 | -10/Materials | Reached level 2 729 | -10/Materials | Upgraded with Utility slot (x1) 749 | -10/Materials | Identified exit to Materials 749 | -10/Materials | Identified exit to Subcaves 749 | -10/Materials | Learned location of 1 exit from Materials 972 | -10/Materials | Identified exit to Mines 973 | -10/Materials | Entered Mines 974 | -10/Mines | Assembled infested the area 979 | -10/Mines | Assisted by a Guerilla fighting off Assembled 1108 | -10/Mines | Destroyed 7 combat bots 1172 | -10/Mines | Core integrity fell below 50% 1234 | -10/Mines | Destroyed 7 combat bots 1236 | -10/Mines | Learned Materials emergency access door positions 1326 | -10/Mines | Found a damaged Exp. Sensor Array with a note attached 1328 | -10/Mines | Found Prototype Device 1366 | -10/Mines | A weapon hastily lodged in a ceiling crevice suddenly fell to the ground 1375 | -10/Mines | Core integrity fell below 20% 1389 | -10/Mines | Discovered exit to Materials (range 5) 1395 | -10/Mines | Met a Derelict who couldn't figure out how to use a Trap Extractor 1463 | -10/Mines | Learned Materials stockpile data 1473 | -10/Mines | Discovered exit to Materials (range 6) 1508 | -10/Mines | Found a hidden stash of uninstalled traps 1591 | -10/Mines | Entered Materials 1592 | -9/Materials | Identified exit to Mines 1592 | -9/Materials | Core integrity fell below 50% 1592 | -9/Materials | Core integrity fell below 20% 1593 | -9/Materials | Reached level 3 1615 | -9/Materials | Destroyed by Y-45 Defender with Beam Rifle Last Messages --------------- 01453_ Found Welding Torch. 01453_ Found 39 Matter. 01454_ Acquired 39 matter. 01463_ Acquired derelict log, extracted data. Data stored: Materials stockpile data. 01473_ EXIT=FOUND: MATERIALS 01508_ A stash of uninstalled traps is collected here! 01512_ System corrupted: Heat flow error (+188). 01518_ T-07 Excavator is excavating. LOCATION=MATERIALS GOAL=ESCAPE Loading 1 Materials exit... 01592_ T-07 Excavator is excavating. 01593_ DG-0KF(g): "What?! This place again? I'm sticking with you." Loading Materials emergency access points (x7)... 01593_ Reached level 3. Loading Materials stockpile data (x10)... 01595_ T-07 Excavator is excavating. 01612_ Y-45 Defender suffers critical hit (Destroy). 01612_ Destroyed Lgt. Treads. Map ----- +----------------------------------------------------+ | ?????????????????????????????????????????????????? | | ?????????????????????????????????????????????????? | | ?????????????????????????????????????????????????? | | ?????????????????????????????????????????????????? | | ??!??????????????????????????????????????????????? | | ?????????????????????????????????????????????????? | | ?????????????????????????????????????????????????? | | ?????????????????????????????????????????????????? | | ?????????????????????????????????????????????????? | | ?????????????????????????????????????????????????? | | ?????????????????????????????????????????????????? | | ?????????????????????????????????????????????????? | | ?????????????????????????????????????????????????? | | ?????????????????????????????????????????????????? | | ?????????????????????????????????????????????????? | | ?????????????????????????????????????????????????? | | ?????????????????????????????????????????????????? | | ?????????????????????????????????????????????????? | | ?????????????????????????????????????????????????? | | ????????????????????????????????#????????????????? | | ???????????????????????#######? #?????? ?????????? | | ???????????????????????# ## #### ????????? | | ?????????????????????### ????????? | | ?????????????????????? Y #???????? | | ???????????????????????# g ????????????? | | ???????????????????????# @ #????????????!??????? | | ???????????????????????## ##???????????????????? | | ????????????????????????# #????????????????????? | | ????????????????????????# #????????????????????? | | ????????????????????????# #????????????????????? | | ????????????????????????# #????????????????????? | | ????????????????????????# #?????????????????+??? | | ????????????????????????# #????????????????????? | | ????????????????????????# #????????????????????? | | ??????????????????????#?# #????????????????????? | | ??????????????????????# # #????????????????????? | | ???????????????????????# #????????????????????? | | ???????????????????????## #????????????????????? | | ????????????????????????# #????????????????????? | | ????????????????????????# #????????????????????? | | ????????????????????????#####????????????????????? | | ?????????????????????????????????????????????????? | | ?????????????????????????????????????????????????? | | ?????????????????????????????????????????????????? | | ?????????????????????????????????????????????????? | | ?????????????????????????????????????????????????? | | ?????????????????????????????????????????????????? | | ?????????????????????????????????????????????????? | | ?????????????????????????????????????????????????? | | ?????????????????????????????????????????????????? | +----------------------------------------------------+ Best States ------------- Heat Dissipation 31 Energy Generation 14 Energy Capacity 140 Matter Stores 300 Matter Capacity 300 Sight Range 17 Terrain Scan Density 10 Resistance: TH 5 Evasion (%) 44 Targeting Accuracy 5 Recoil Reduction 1 Offensive Hacking 5 Defensive Hacking 5 Item Schematics ----------------- None Robot Schematics ------------------ None Fabricated ------------ Nothing Repaired ---------- Nothing Studied --------- None Alien Tech Used ----------------- None Achievements -------------- None Challenges ------------ None RPGLIKE | -11 -10 -10 -9 --------- Run | Yrd Mat Min Mat Levels Raised 2 | . 1 . 1 XP Earned 7125 | 3000 1775 850 1500 XP Spent 3850 | 3000 850 . . Upgrades 12 | 10 2 . . Propulsion Slot 1 | 1 . . . Utility Slot 2 | 1 1 . . Weapon Slot 1 | 1 . . . Heat Dissipation 1 | . 1 . . Inventory Capacity 1 | 1 . . . Sight Range 1 | 1 . . . Ranged Accuracy 1 | 1 . . . Hack Attack % 1 | 1 . . . Hack Defense % 1 | 1 . . . TH Resistance % 1 | 1 . . . KI Damage % 1 | 1 . . . Protomatter Created 177 | . 120 57 . Integrity Restored 352 | . 142 210 . Core 327 | . 117 210 . Parts 25 | . 25 . . Protomatter Decayed 264 | . 250 14 . Game ------ Seed NetworkFissionDerivative Manual? 0 Play Time 00:18:12 Cumulative 356.3 hours Start 2026.06.22 @ 21:07:30 End 2026.06.22 @ 21:27:08 Sessions 1 Manual Loads 0 Difficulty Rogue Special Mode Winter2019/RPGLIKE Game No. 145 Rogue 97 Adventurer 44 Explorer 4 Win Type - Total 11 Types 4/3/0/1/1/1/0/1/0/0 Lore% 77 Gallery% 68 Achievement% 55 Wizard Run 0 Options --------- Layout 0 ASCII 0 Keyboard 0 Movement Arrows Keybinds 0 Fullscreen 2 Font 18/SmallcapsGlow Map View 76x50 Zoom Use 0% Tactical HUD 1 Map Filters NONE Filters NONE Steam 1 RUN: ea784b74-57c4-412b-8be5-c39ec8603100